 Dungeon Crawl Stone Soup version 0.30.0-29-ga12c61a403 (webtiles) character file.

Game seed: 9599441554025111699

12614 seaoflcl the Carver (level 12, -5/95 HPs)
             Began as a Human Fighter on June 5, 2023.
             Was a Priest of Nemelex Xobeh.
             Killed from afar by Jorgrun (8 damage)
             ... with an iron shot
             ... on level 2 of the Orcish Mines.
             The game lasted 00:53:20 (13608 turns).

seaoflcl the Carver (Human Fighter)                Turns: 13608, Time: 00:53:21

Health: -5/95      AC: 22    Str: 23    XL:     12   Next: 22%
Magic:  12/12      EV:  4    Int:  8    God:    Nemelex Xobeh [***...]
Gold:   1340       SH: 10    Dex: 12    Spells: 11/11 levels left

rFire   . . .        a - +0 long sword
rCold   . . .        D - +0 kite shield
rNeg    . . .        G - +0 plate armour
rPois   .            (no helmet)
rElec   .            P - +2 cloak {Will+}
rCorr   .            H - +0 pair of gloves
SInv    .            (no boots)
Will    +....        (no amulet) Stlth
                     I - +4 ring of protection
HPRegen 0.35/turn    n - +4 ring of slaying
MPRegen 0.13/turn

%: no passive effects
@: mighty, grasped by roots, constricted
A: no striking features
a: Renounce Religion, Draw Escape, Draw Destruction, Draw Summoning, Triple Draw


You were on level 2 of the Orcish Mines.
You worshipped Nemelex Xobeh.
Nemelex Xobeh was most pleased with you.
You visited 4 branches of the dungeon, and saw 15 of its levels.
You also visited: Ice Cave.

You collected 1460 gold pieces.
You spent 120 gold pieces at shops.

Inventory:

Hand Weapons
 a - a +0 long sword (weapon)
 p - the +5 dagger "Feilu" {freeze, rPois SInv}
   (You found it on level 3 of the Dungeon)

   rPois:     It protects you from poison.
   SInv:      It lets you see invisible.
 t - a +2 long sword of flaming
 u - the +7 Throatcutter {drain, coup de grace}
   (You found it on level 5 of the Dungeon)
Missiles
 A - 12 boomerangs
 U - 2 silver boomerangs
 V - 2 boomerangs of dispersal
Armour
 c - a +0 buckler
 e - a scarf of resistance
 D - a +0 kite shield (worn)
 G - a +0 plate armour (worn)
 H - a +0 pair of gloves (worn)
 P - a +2 cloak of willpower (worn)
Jewellery
 l - a +6 ring of intelligence
 n - a +4 ring of slaying (right hand)
 C - a ring of positive energy
 I - a +4 ring of protection (left hand)
 N - a ring of flight
Wands
 j - a wand of mindburst (2)
 r - a wand of digging (2)
 y - a wand of flame (39) (quivered)
 L - a wand of acid (6)
 M - a wand of roots (6)
Scrolls
 b - 4 scrolls of enchant armour
 f - 2 scrolls of fog
 i - 3 scrolls of noise
 o - a scroll of acquirement {unknown}
 q - 3 scrolls of enchant weapon {unknown}
 v - 3 scrolls of blinking {unknown}
 w - a scroll of torment {unknown}
 x - 2 scrolls of magic mapping {unknown}
 B - 5 scrolls of teleportation {unknown}
 K - a scroll of butterflies {unknown}
 S - a scroll of amnesia {unknown}
 T - a scroll of silence {unknown}
Potions
 g - 4 potions of brilliance
 h - 4 potions of degeneration
 k - 5 potions of curing
 m - 5 potions of attraction
 s - a potion of haste {unknown}
 z - a potion of lignification {unknown}
 J - 2 potions of mutation {unknown}
 O - a potion of flight {unknown}
 Q - a potion of ambrosia {unknown}
 R - a potion of cancellation {unknown}
Miscellaneous
 E - a piece from Xom's chessboard (15/15)


   Skills:
 + Level 9.0 Fighting
 * Level 11.9 Long Blades
 + Level 8.9 Armour
 + Level 2.5 Dodging
 + Level 9.0 Shields


You had 11 spell levels left.
You didn't know any spells.
Your spell library contained the following spells:

 Spells                   Type           Power      Damage    Failure   Level
 Apportation              Tloc           0%         N/A       100%        1
 Kiss of Death            Conj/Necr      0%         2d5       100%        1
 Blink                    Tloc           0%         N/A       100%        2
 Cigotuvi's Dreadful Rot  Necr/Pois/Air  0%         N/A       100%        2
 Lesser Beckoning         Tloc           0%         N/A       100%        2
 Momentum Strike          Conj/Tloc      0%         3d8       100%        2
 Confusing Touch          Hex            0%         N/A       100%        3
 Hailstorm                Conj/Ice       0%         3d3       100%        3
 Dispel Undead            Necr           0%         3d6       100%        4
 Ice Form                 Ice/Tmut       0%         N/A       100%        4
 Alistair's Intoxication  Tmut/Pois      0%         N/A       100%        5
 Death Channel            Necr           0%         N/A       100%        6
 Simulacrum               Ice/Necr       0%         N/A       100%        6


Dungeon Overview and Level Annotations

Branches:
Dungeon (11/15)            Temple (1/1) D:5            Lair (1/5) D:8
    Orc (2/2) D:10            Elf (0/3) Orc:2         IceCv (visited)

Altars:
Ashenzari
Cheibriados
Dithmenos
Elyvilon
Fedhas
Gozag
Hepliaklqana
Kikubaaqudgha
Makhleb
Nemelex Xobeh
Okawaru
Qazlal
Ru
Sif Muna
Trog
Uskayaw
Vehumet
Wu Jian
Xom
Yredelemnul
Zin
The Shining One

Shops:
D:2 :   D:4 *

Annotations:
D:8 3 runed translucent doors, Loveship's ghost, novice MiFi
Orc:2 Jorgrun


Message History

The bolt of negative energy hits Jorgrun!
Jorgrun is drained!
Jorgrun is lightly wounded.
Jorgrun points next to you and mumbles some strange words.
Some rock shatters into small pieces.
The grasping roots constrict you!
* * * LOW HITPOINT WARNING * * *
a - a +0 long sword (weapon)
The grasping roots constrict you.
* * * LOW HITPOINT WARNING * * *
You feel much better. Jorgrun casts a spell at you. You block the iron shot.
The grasping roots constrict you.
You feel much better. You block Jorgrun's attack.
The grasping roots constrict you!
You hit Jorgrun.
Jorgrun is lightly wounded.
Jorgrun hits you with a staff of earth. Jorgrun shatters you!
The grasping roots constrict you.
You slash Jorgrun!
Jorgrun is moderately wounded.
Jorgrun hits you with a staff of earth.
* * * LOW HITPOINT WARNING * * *
The grasping roots constrict you.
* * * LOW HITPOINT WARNING * * *
You feel better. Jorgrun barely misses you. The grasping roots constrict you!
* * * LOW HITPOINT WARNING * * *
You feel very mighty all of a sudden. You block Jorgrun's attack.
The grasping roots constrict you.
* * * LOW HITPOINT WARNING * * *
You draw a card...
You have drawn the Cloud.
Clouds appear around you! The cyclops hits you!
* * * LOW HITPOINT WARNING * * *
Jorgrun hits you but does no damage. The grasping roots constrict you.
* * * LOW HITPOINT WARNING * * *
You miss Jorgrun.
Jorgrun is moderately wounded.
Jorgrun gestures at you while chanting. The iron shot hits you!
You die...
Your body glows with a rainbow of weird colours and disappears.

## .# ### #######
.############### # #.###.##..##
#..#.##..##....#####
...#.......###.§§§§..........##..
..#........#...§§C§..............
...............§@g§.......)).....
.^..............§§§.......)).....
.))............................#.
)))..............................
.##....#.........................
..##.............................
.###...#.........................
## ##...#........................
# #............................


You could see Jorgrun (drained) and a cyclops.

Vanquished Creatures
  2 two-headed ogres
  Amaemon (Lair:1)
  An ugly thing (IceCv)
  An orc sorcerer (Orc:2)
  A black mamba (Lair:1)
  Maurice (D:10)
  A cane toad (Lair:1)
  Maggie (D:9)
  An orange demon (Lair:1)
  A komodo dragon (Lair:1)
  A troll (Orc:1)
  2 shadows
  Sigmund (D:3)
  2 wyverns
  6 yaks (D:10)
  A vampire (D:9)
  3 death yak simulacra
  3 steam dragons
  2 wargs
  4 water moccasins
  Duvessa (D:7)
  3 ice beasts
  10 orc warriors
  An ogre (Orc:1)
  3 centaurs
  2 phantoms
  6 kobold brigands
  3 bullfrogs
  2 two-headed ogre simulacra (Orc:1)
  2 gnoll sergeants
  2 scorpions
  2 cane toad simulacra
  Dowan (D:7)
  2 troll zombies (D:10)
  5 killer bees (D:9)
  4 elephant simulacra
  4 howler monkeys
  4 jellies
  6 hounds
  6 orc priests
  Jessica (D:3)
  17 orc wizards
  5 iguanas
  A troll simulacrum (Orc:1)
  2 wolf simulacra (Orc:1)
  4 ogre zombies (D:10)
  8 gnolls
  11 adders
  2 shadow imps
  3 worms
  2 dart slugs
  57 orcs
  9 ball pythons
  4 bats
  8 endoplasms
  3 giant cockroaches
  10 goblins
  8 hobgoblins
  13 kobolds
  A quokka (D:1)
  5 frilled lizards
  A goblin skeleton (D:10)
  A goblin zombie (D:10)
  3 hobgoblin skeletons (D:10)
  A hobgoblin zombie (D:10)
  5 orc skeletons (D:10)
  8 orc zombies (D:10)
  4 rats
  A spectral goblin (D:2)
303 creatures vanquished.

Notes
Turn   | Place    | Note
-------+----------+-------------------------------------------
     0 | D:1      | seaoflcl the Human Fighter began the quest for the Orb.
     0 | D:1      | Reached XP level 1. HP: 18/18 MP: 1/1
     0 | D:1      | Noticed a tengu
     2 | D:1      | Noticed a spriggan
     4 | D:1      | Noticed an octopode
     4 | D:1      | Noticed a gargoyle
    13 | D:1      | Noticed a tengu
    17 | D:1      | Noticed a barachi
    17 | D:1      | Noticed a vampire
    19 | D:1      | Noticed a ghoul
    22 | D:1      | Noticed a vine stalker
    22 | D:1      | Noticed a minotaur
    24 | D:1      | Noticed a naga
    24 | D:1      | Noticed a naga
    24 | D:1      | Noticed a felid
    26 | D:1      | Noticed a formicid
    26 | D:1      | Noticed a merfolk
    28 | D:1      | Noticed a gargoyle
   108 | D:1      | Reached XP level 2. HP: 24/24 MP: 2/2
   300 | D:1      | Reached XP level 3. HP: 20/29 MP: 3/3
   792 | D:2      | Found Piebieva's Book Shoppe.
   938 | D:2      | You fall into a shaft and drop 2 floors!
   987 | D:3      | Reached XP level 4. HP: 35/35 MP: 4/4
   989 | D:3      | Noticed Jessica
  1000 | D:3      | Killed Jessica
  1001 | D:3      | Reached skill level 3 in Long Blades
  1116 | D:3      | Noticed Sigmund
  1252 | D:2      | Found a faded altar of an unknown god.
  1502 | D:3      | Reached XP level 5. HP: 41/41 MP: 5/5
  1525 | D:3      | Found an ornate altar of the Wu Jian Council.
  1549 | D:3      | Identified the +5 dagger "Feilu" {freeze, rPois SInv}
  1732 | D:3      | Killed Sigmund
  1733 | D:3      | Reached skill level 4 in Long Blades
  1733 | D:3      | Reached XP level 6. HP: 33/48 MP: 6/6
  2255 | D:3      | Found a burning altar of Makhleb.
  2392 | D:4      | Found Riuwun's General Store.
  2455 | D:4      | Bought a potion of heal wounds for 60 gold pieces
  2612 | D:4      | Reached XP level 7. HP: 53/54 MP: 7/7
  2881 | D:5      | Entered Level 5 of the Dungeon
  2891 | D:5      | Reached skill level 5 in Long Blades
  3011 | D:5      | Reached XP level 8. HP: 54/61 MP: 8/8
  3119 | D:5      | Found a staircase to the Ecumenical Temple.
  3167 | D:5      | Found the +7 Throatcutter {drain, coup de grace}
  3181 | D:5      | Reached skill level 5 in Fighting
  3181 | D:5      | Reached skill level 5 in Shields
  3188 | D:5      | Reached skill level 6 in Long Blades
  3188 | D:5      | Reached skill level 5 in Armour
  3667 | D:5      | Found a basalt altar of Yredelemnul.
  3675 | Temple   | Entered the Ecumenical Temple
  4047 | D:5      | Found an ancient bone altar of Kikubaaqudgha.
  4048 | D:5      | Found a bloodstained altar of Trog.
  4222 | Temple   | Became a worshipper of Uskayaw the Reveller
  4305 | D:6      | Reached * piety under Uskayaw
  4311 | D:6      | Reached ** piety under Uskayaw
  4313 | D:6      | Reached *** piety under Uskayaw
  4314 | D:6      | Reached **** piety under Uskayaw
  4315 | D:6      | Reached XP level 9. HP: 53/68 MP: 9/9
  4481 | D:6      | Reached skill level 7 in Long Blades
  4908 | D:6      | Found a sparkling altar of Nemelex Xobeh.
  4919 | D:6      | Found an iron altar of Okawaru.
  4932 | D:6      | Fell from the grace of Uskayaw
  4932 | D:6      | Became a worshipper of Nemelex Xobeh the Trickster
  5510 | D:6      | Found a stormy altar of Qazlal.
  5664 | D:7      | Noticed Dowan
  5723 | D:7      | Noticed Duvessa
  5728 | D:7      | Killed Duvessa
  5742 | D:7      | Killed Dowan
  5909 | D:7      | Reached skill level 8 in Long Blades
  6783 | D:8      | Reached XP level 10. HP: 18/77 MP: 10/10
  7479 | D:8      | Found a runed translucent gate.
  7554 | D:8      | Found a runed translucent gate.
  7554 | D:8      | Found a runed translucent gate.
  7568 | D:8      | Noticed a seven-headed hydra
  7571 | D:8      | Noticed Loveship's ghost (novice MiFi)
  7679 | D:8      | Reached skill level 9 in Long Blades
  7744 | D:8      | Reached * piety under Nemelex Xobeh
  7760 | D:8      | Found an opulent altar of Gozag.
  7766 | D:8      | Found a staircase to the Lair.
  8178 | D:9      | Received a gift from Nemelex Xobeh
  8423 | D:9      | Noticed a two-headed ogre
  8429 | D:9      | Killed a two-headed ogre
  8498 | D:9      | Received a gift from Nemelex Xobeh
  8503 | D:9      | Found a shimmering altar of Xom.
  8504 | D:9      | Found a hazy altar of Hepliaklqana.
  8505 | D:9      | Noticed a spectral ugly thing
  8544 | D:9      | Reached ** piety under Nemelex Xobeh
  8757 | D:9      | Noticed Maggie
  8761 | D:9      | Killed Maggie
  8876 | D:9      | Paralysed by the fury of Uskayaw for 2 turns
  9201 | D:9      | Reached skill level 10 in Long Blades
  9379 | D:10     | Entered Level 10 of the Dungeon
  9462 | D:10     | Reached XP level 11. HP: 46/85 MP: 11/11
  9623 | D:10     | Found a staircase to the Orcish Mines.
  9704 | D:10     | Found a snail-covered altar of Cheibriados.
  9736 | D:10     | Received a gift from Nemelex Xobeh
 10103 | D:10     | Noticed Maurice
 10119 | D:10     | Killed Maurice
 10328 | D:10     | Found a shadowy altar of Dithmenos.
 10328 | D:10     | Found a sacrificial altar of Ru.
 10852 | D:4      | Bought a potion of curing for 36 gold pieces
 10852 | D:4      | Bought a scroll of identify for 24 gold pieces
 10980 | Lair:1   | Entered Level 1 of the Lair of Beasts
 11115 | Lair:1   | Reached skill level 11 in Long Blades
 11119 | Lair:1   | Paralysed by the fury of Uskayaw for 3 turns
 11119 | Lair:1   | Was forgiven by Uskayaw
 11213 | Lair:1   | Received a gift from Nemelex Xobeh
 11363 | Lair:1   | Reached *** piety under Nemelex Xobeh
 11368 | Lair:1   | Noticed Amaemon
 11425 | Lair:1   | Killed Amaemon
 11619 | Lair:1   | Noticed a five-headed hydra
 11748 | Orc:1    | Entered Level 1 of the Orcish Mines
 11780 | Orc:1    | Noticed a two-headed ogre
 11796 | Orc:1    | Killed a two-headed ogre
 11797 | Orc:1    | Reached skill level 1 in Dodging
 11869 | Orc:1    | Found a frozen archway.
 11910 | Orc:1    | Reached XP level 12. HP: 65/94 MP: 12/12
 11919 | IceCv    | Entered an ice cave
 13353 | Orc:2    | Entered Level 2 of the Orcish Mines
 13353 | Orc:2    | Found a staircase to the Elven Halls.
 13569 | Orc:2    | Noticed Jorgrun
 13607 | Orc:2    | HP: 3/95 [constriction (5)]
 13608 | Orc:2    | Killed from afar by Jorgrun

Illustrated notes

Levels and vault maps discovered:
D:1:      shiori_arrival_whats_in_store_for_you, layout_basic, minmay_tromino_i2
D:2:      layout_rooms, dreamdust_ecumenical_altar_drowned_temple, serial_shops,
          shop, kennysheep_pointless_box, minmay_misc_feat_tiny
D:3:      layout_loops_ring, mainiacjoe_overflow_24_doors,
          lightli_temple_of_fire, grunt_ministairs_5, uniq_jessica, uniq_sigmund
D:4:      layout_rooms, serial_shops, shop
D:5:      layout_basic, nicolae_overflow_hidden_temple,
          minmay_temple_entry_antechambers, chequers_serial_rivers_micro_c,
          dilly_guarded_unrand_throatcut
D:6:      kennysheep_spiral_hall, layout_loops_ring,
          mainiacjoe_overflow_alcove_2, okawaru_gym_becter,
          nemelex_diamond_rough_becter
D:7:      layout_basic, serial_rivers, chequers_serial_rivers_micro_d,
          chequers_serial_rivers_small_a, chequers_serial_rivers_large_a,
          chequers_serial_rivers_small_b, chequers_serial_rivers_room_b,
          roderic_three_in_a_row, uniq_duvessa
D:8:      layout_rooms, mainiacjoe_overflow_six_doors_small, lair_entry_dummy,
          gammafunk_ghost_split
D:9:      layout_stronghold, regret_index_temple_of_mockery, uniq_maggie
D:10:     layout_irregular_city, mainiacjoe_overflow_concentric_impassable,
          gammafunk_temple_overflow_elements, zombieorc1_lemuel,
          evilmike_minifort, uniq_maurice
D:11:     layout_basic, serial_co_window_serial, co_window_of_opportunity_a,
          co_window_corner_a, co_window_paths_a, co_window_paths_a,
          co_window_cross_1, co_window_corner_a, co_window_paths_b,
          co_window_unsneaky_path_d, co_window_unsneaky_path_c,
          co_window_2corner, co_window_of_opportunity_c, co_window_2corner,
          glass_columns_a, glass_columns_c, glass_columns_a, glass_columns_a,
          glass_columns_a
Temple:   hellmonk_temple_micro_hex
Lair:1:   layout_cave_pods, grunt_forest_large_clearing_hut, uniq_amaemon
Orc:1:    minmay_goldmine, layout_diamond_mine,
          portal_ice_cave_entry_ice_simulacra, nicolae_orc_tapped_out,
          uniq_erolcha
Orc:2:    st_orc_congregation, layout_caves, uniq_jorgrun

Skill      XL: |  1  2  3  4  5  6  7  8  9 10 11 12 |
---------------+-------------------------------------+-----
Long Blades    | 3 4 5 6 8 10 11 | 11.9
Fighting       | 4 5 6 7 8 9 |  9.0
Shields        | 4 5 6 7 8 9 |  9.0
Armour         | 4 5 6 7 8 |  8.9
Dodging        | 1 2 |  2.5

Action                     |  1- 3 |  4- 6 |  7- 9 | 10-12 || total
---------------------------+-------+-------+-------+-------++-------
  Melee: Long sword        |   109 |   124 |   182 |   398 ||   813
 Invoke: Draw Destruction  |       |       |       |     5 ||     5
         Draw Escape       |       |       |       |     3 ||     3
  Evoke: Wand              |       |       |     2 |    40 ||    42
    Use: Scroll            |       |     5 |       |     2 ||     7
         Potion            |       |     1 |     2 |     8 ||    11
   Stab: Paralysed         |       |       |     2 |       ||     2
 Armour: Scale mail        |    24 |       |       |       ||    24
         Chain mail        |    37 |    57 |    84 |       ||   178
         Plate armour      |       |       |       |   225 ||   225
  Dodge: Dodged            |    54 |    32 |    58 |    75 ||   219
  Block: Buckler           |    29 |    25 |    32 |       ||    86
         Kite shield       |       |       |    18 |   190 ||   208
